 Dungeon Crawl Stone Soup version 0.31-a0-460-g9e667d4245 (webtiles) character file.

Game seed: 7882098864938896210

194501 nay the Acrobat (level 18, 0/153 (162) HPs)
             Began as a Merfolk Gladiator on Aug 4, 2023.
             Was a High Priest of Trog.
             Slain by an ice devil (10 damage)
             ... summoned by an orc sorcerer
             ... led by an orc knight
             ... while paralysed by an orc sorcerer
             ... on level 1 of the Orcish Mines.
             The game lasted 02:32:18 (44273 turns).

nay the Acrobat (Merfolk Gladiator)                Turns: 44273, Time: 02:32:18

HP:   0/153 (162)   AC: 16    Str: 13 (14) XL:     18   Next: 30%
MP:   18/18         EV:  2    Int:  5 (8)  God:    Trog [*****.]
Gold: 2760          SH:  0    Dex: 23      Spells: 17/17 levels left

rFire   . . .        a - +9 double sword
rCold   + . .        M - +2 buckler
rNeg    . . .        O - +3 scale mail {rPois}
rPois   +            t - +1 helmet {SInv}
rElec   .            J - +0 cloak
rCorr   .            j - +1 pair of gloves
SInv    +            (no boots)
Will    +....        K - amulet of the acrobat
Stlth   +++          E - ring of protection from cold
HPRegen 0.45/turn    F - ring "Caunkecw" {EV+5 Stlth+}
MPRegen 0.16/turn

%: acrobat
@: paralysed, studying Maces & Flails, drained
A: (nimble swimmer 2), mertail
}: 1/15 runes: gossamer
a: Renounce Religion, Berserk, Trog's Hand, Brothers in Arms


You were on level 1 of the Orcish Mines.
You worshipped Trog.
Trog was extremely pleased with you.
You visited 5 branches of the dungeon, and saw 29 of its levels.
You also visited: Volcano.

You collected 3041 gold pieces.
You spent 281 gold pieces at shops.

Inventory:

Hand Weapons
 a - a +9 double sword (weapon)
 b - a +3 scimitar of flaming
 g - the +6 great sword of Wariness {flame, rF+ Will+}
   (Trog gifted it to you on level 4 of the Lair of Beasts)

   rF:        It protects you from fire.
   Will:      It increases your willpower.
 H - the +9 sling "Goideh" {heavy, Dex+3}
   (You found it on level 4 of the Swamp)

   Dex:       It affects your dexterity (+3).
Missiles
 d - 6 throwing nets
 e - 6 silver javelins
 v - 24 boomerangs (quivered)
Armour
 f - a +4 ring mail of fire resistance
 j - a +1 pair of gloves (worn)
 t - a +1 helmet of see invisible (worn)
 J - a +0 cloak (worn)
 M - a +2 buckler (worn)
 O - a +3 scale mail of poison resistance (worn)
 R - the -2 hat of the Alchemist {rElec rPois rF+ rC+ rN+ Will+ rMut rCorr}
   (You found it on level 3 of the Swamp)

   rF:        It protects you from fire.
   rC:        It protects you from cold.
   rElec:     It insulates you from electricity.
   rPois:     It protects you from poison.
   rN:        It protects you from negative energy.
   rCorr:     It protects you from acid and corrosion.
   rMut:      It protects you from mutation.
   Will:      It increases your willpower.
 X - +0 acid dragon scales
Jewellery
 w - a ring of willpower
 E - a ring of protection from cold (left hand)
 F - the ring "Caunkecw" (right hand) {EV+5 Stlth+}
   (You found it on level 5 of the Dungeon)

   [ring of evasion]

   EV:        It affects your evasion (+5).
   Stlth:     It makes you more stealthy.
 K - an amulet of the acrobat (around neck)
 L - a ring of protection from fire
 P - a +4 ring of slaying
Wands
 o - a wand of mindburst (30)
 x - a wand of roots (28)
 z - a wand of charming (25)
 B - a wand of flame (96)
 C - a wand of light (30)
 T - a wand of digging (11)
 Y - a wand of polymorph (23)
Scrolls
 h - 2 scrolls of blinking
 n - a scroll of immolation
 r - a scroll of enchant armour
 s - 2 scrolls of revelation
 u - 7 scrolls of teleportation
 y - 3 scrolls of fog
 A - 4 scrolls of enchant weapon
 D - 2 scrolls of fear
 I - 4 scrolls of vulnerability
 U - 6 scrolls of identify
 W - 2 scrolls of torment
 Z - a scroll of poison
Potions
 c - 4 potions of haste
 i - 8 potions of enlightenment
 k - 3 potions of might
 l - 5 potions of curing
 m - 2 potions of attraction
 p - 11 potions of mutation
 q - 3 potions of heal wounds
 G - 15 potions of ambrosia
 N - 3 potions of berserk rage
 Q - a potion of cancellation
 S - 4 potions of resistance
Miscellaneous
 V - a phial of floods (inert)


   Skills:
 + Level 19.9 Fighting
 - Level 16.0 Long Blades
 - Level 2.0 Throwing
 + Level 7.0 Armour
 + Level 22.6 Dodging
 - Level 4.0 Stealth
 - Level 6.0 Shields
 - Level 12.0 Evocations


You had 17 spell levels left.
You didn't know any spells.
Your spell library was empty.

Dungeon Overview and Level Annotations

Branches:
Dungeon (15/15)            Temple (0/1) D:4            Lair (5/5) D:8
  Swamp (4/4) Lair:2       Spider (4/4) Lair:3        Slime (0/5) Lair:5
    Orc (1/2) D:10         Vaults (0/5) D:14         Depths (0/4) D:15
Volcano (visited)

Altars:
Ashenzari
Cheibriados
Elyvilon
Fedhas
Hepliaklqana
Makhleb
Okawaru
Qazlal
Trog
Uskayaw
Vehumet
Wu Jian
Xom
Yredelemnul
Zin
The Shining One
Jiyva

Shops:
D:2 *   D:11 !

Annotations:
Swamp:4 Lernaean hydra


Innate Abilities, Weirdness & Mutations

((You are very nimble when in or above water. (Stealth+, EV+, Speed+++)))
Your lower body shifts to a powerful aquatic tail in water.


Message History

The ice devil completely misses you. You block the soul eater's attack.
You miss the orc sorcerer.
The orc sorcerer is almost dead.
The orc sorcerer no longer looks unusually strong.
The orc completely misses you.
The orc knight roars a battlecry!
The orc sorcerer goes into a battle-frenzy!
The orc sorcerer casts a spell at you.
You suddenly lose the ability to move!
The ice devil hits you. The ice devil freezes you. You resist.
The soul eater hits you but does no damage.
The orc sorcerer hits you with a +0 dagger!
The orc hits you but does no damage.
The ice devil hits you but does no damage.
The soul eater hits you but does no damage.
The orc sorcerer hits you but does no damage.
The orc hits you but does no damage.
The orc knight hits you with a +0 battleaxe!
The ice devil hits you but does no damage.
The soul eater hits you but does no damage.
The orc sorcerer hits you but does no damage.
The orc knight hits you with a +0 battleaxe!
The orc hits you but does no damage. The ice devil hits you.
The ice devil freezes you! You resist.
The orc no longer looks unusually strong.
The soul eater hits you but does no damage.
The orc sorcerer completely misses you.
The orc knight hits you but does no damage.
The orc hits you but does no damage. The ice devil hits you!
The ice devil freezes you! You resist.
The soul eater hits you but does no damage.
The orc sorcerer points at you and mumbles some strange words.
The bolt of negative energy hits you!!!
You feel drained.
* * * LOW HITPOINT WARNING * * *
The orc hits you from afar with a +0 trident.
* * * LOW HITPOINT WARNING * * *
The orc knight hits you with a +0 battleaxe!
* * * LOW HITPOINT WARNING * * *
The ice devil hits you!
You die...

.#... .... ...#
... .. ####.## ..
.###...o.####...
......o3o4..#..#
.......#@o.....#
.
$......#.....###
..
#.............##
._. #
.#......)......
....#.
##....)####...
....# ###..## ...
##..###.>...# ..
#...<##)(.#.....$
####..)...#......


You could see an orc knight, a soul eater (summoned), an ice devil (summoned),
an orc sorcerer (strong) and 2 orcs.

Vanquished Creatures
  Nikola (Spider:4)
  Mlioglotl (Swamp:3)
  The ghost of initializr the Brawler, an adept DrWr of Vehumet (Spider:1)
  A thorn hunter (Swamp:4)
  Kirke (Lair:5)
  2 fenstrider witches
  6 ghost moths (Spider:4)
  A vault warden (D:13)
  4 emperor scorpions
  A broodmother (Spider:1)
  5 eleionomae
  A spark wasp (Spider:4)
  3 bunyips
  A fire dragon (D:12)
  A shambling mangrove (Swamp:3)
  The ghost of Curunk the Severer, a journeyman HOBe of Trog (Lair:2)
  3 entropy weavers (Spider:3)
  Harold (Lair:1)
  2 vault guards (D:13)
  An ice dragon (D:14)
  16 hydras
  3 radroaches
  5 centaur warriors
  4 ghost crabs
  A catoblepas (D:15)
  4 jorogumos
  Erolcha (D:9)
  5 boulder beetles
  A dancing weapon (Lair:2)
  A death knight (D:14)
  3 two-headed ogres
  The ghost of kae the Mimic, a novice DrSh of Ru (D:10)
  9 alligators
  3 tengu warriors
  8 demonic crawlers
  2 deep troll earth magi
  A death yak (Lair:1)
  A soul eater (D:13)
  A skyshark (Lair:5)
  5 spriggans
  2 sun moths (Spider:3)
  7 goliath frogs
  A spectral death yak (Lair:2)
  4 spriggan druids
  9 orb spiders
  An orb spider (shapeshifter) (D:14)
  3 pharaoh ants (Spider:4)
  2 bunyip skeletons (Swamp:4)
  A deep troll (D:15)
  A goliath frog (shapeshifter) (D:14)
  A lindwurm (Lair:3)
  A spectral hydra (Lair:2)
  Pikel (D:6)
  4 swamp dragons
  4 steelbarb worms
  3 bog bodies
  4 deep elf pyromancers
  A necromancer (D:14)
  2 orc knights
  8 cyclopes
  10 ugly things
  7 wolf spiders
  2 manticores (D:14)
  4 will-o-the-wisps
  An elephant (shapeshifter) (D:14)
  3 black mambas
  5 elephants (Lair:4)
  2 moths of wrath (Spider:4)
  2 smoke demons (D:13)
  A rust devil (D:13)
  2 torpor snails
  4 gargoyles
  22 cane toads
  3 kobold demonologists
  5 rime drakes
  A rime drake (shapeshifter) (D:12)
  2 efreet
  2 tengu conjurers (D:15)
  10 komodo dragons
  A queen bee (Lair:3)
  A red devil (D:13)
  4 meliai
  5 trolls
  2 meliai (shapeshifter) (D:15)
  26 tarantellas
  10 tyrant leeches
  35 blink frogs
  A hellwing (D:13)
  4 hornets
  4 polar bears
  A dream sheep (Lair:2)
  16 jumping spiders
  13 slime creatures
  3 shadows
  17 culicivoras
  Sigmund (D:6)
  6 wraiths
  3 wyverns
  42 yaks
  A vampire (D:10)
  A chaos spawn (D:13)
  2 hogs (Lair:5)
  52 redbacks
  4 basilisks
  A steam dragon (D:7)
  5 humans
  A neqoxec (D:13)
  A warg (Orc:1)
  17 vampire mosquitoes
  15 water moccasins
  2 spectral cane toads (Lair:2)
  2 acid dragons
  14 swamp worms
  5 swamp drakes
  An ice beast (D:5)
  A sky beast (D:6)
  7 orc warriors
  A hornet zombie (Swamp:4)
  2 black bears (D:6)
  5 boggarts
  10 wolves (Lair:1)
  9 centaurs
  6 kobold brigands
  18 bullfrogs
  A spectral water moccasin (Lair:2)
  A gnoll sergeant (D:8)
  3 scorpions
  3 wights (D:9)
  32 killer bees
  2 electric eels
  3 howler monkeys
  4 jellies
  A wyvern simulacrum (D:9)
  Crazy Yiuf (D:5)
  10 orc priests
  4 hounds
  2 sleepcaps
  Ijyb (D:3)
  4 iguanas
  Natasha (thrice) (D:3)
  11 orc wizards
  4 gnolls (D:8)
  4 adders
  3 white imps
  2 ufetubi
  2 dart slugs
  62 orcs
  9 bats
  9 endoplasms
  3 giant cockroaches
  14 goblins
  6 hobgoblins
  2 jackals (D:3)
  4 quokkas
  10 ball pythons
  7 frilled lizards
  26 kobolds
  2 rats
  A butterfly (Lair:1)
895 creatures vanquished.

Vanquished Creatures (collateral kills)
  Arachne (Spider:2)
  A tarantella (Spider:2)
2 creatures vanquished.

Vanquished Creatures (others)
  A hydra (Swamp:2)
  A swamp dragon (Swamp:2)
  A will-o-the-wisp (Swamp:2)
  4 bloated husks
  A tyrant leech (Swamp:2)
  A human (Lair:5)
  A yak (D:7)
  A swamp worm (Swamp:1)
  A water moccasin (Lair:5)
  A swamp drake (Swamp:3)
  12 foxfires
25 creatures vanquished.

Grand Total: 922 creatures vanquished

Notes
Turn   | Place    | Note
-------+----------+-------------------------------------------
     0 | D:1      | nay the Merfolk Gladiator began the quest for the Orb.
     0 | D:1      | Reached XP level 1. HP: 16/16 MP: 1/1
    84 | D:1      | Reached XP level 2. HP: 23/23 MP: 2/2
   506 | D:1      | Reached XP level 3. HP: 28/28 MP: 3/3
   968 | D:2      | Found a faded altar of an unknown god.
   980 | D:2      | Prayed at the altar of an unknown god.
   980 | D:2      | Became a worshipper of Trog the Wrathful
   980 | D:2      | Reached * piety under Trog
  1020 | D:2      | Reached XP level 4. HP: 33/34 MP: 4/4
  1191 | D:2      | Found Ynourgh's Assorted Antiques.
  1201 | D:2      | Bought a yellow potion for 18 gold pieces
  1201 | D:2      | Bought an emerald potion for 18 gold pieces
  1268 | D:3      | Found a burning altar of Makhleb.
  1490 | D:3      | Reached skill level 5 in Long Blades
  1533 | D:3      | Noticed Natasha
  1551 | D:3      | Killed Natasha
  1552 | D:3      | Reached skill level 5 in Dodging
  1792 | D:3      | Noticed Natasha
  1804 | D:3      | Killed Natasha
  1805 | D:3      | Reached XP level 5. HP: 25/41 MP: 5/5
  1978 | D:3      | Noticed Natasha
  1986 | D:3      | Killed Natasha
  2040 | D:3      | Reached ** piety under Trog
  2107 | D:3      | Noticed Ijyb
  2119 | D:3      | Killed Ijyb
  2509 | D:2      | Bought 3 scrolls labelled GAYTIN YREN for 63 gold pieces
  2671 | D:4      | Found a radiant altar of Vehumet.
  2737 | D:4      | Found a staircase to the Ecumenical Temple.
  2757 | D:4      | Reached XP level 6. HP: 48/48 MP: 6/6
  2796 | D:4      | Identified the +1 robe of Qaatecw {rElec Str+3}
  2923 | D:4      | Found a white marble altar of Elyvilon.
  3260 | D:4      | Reached skill level 6 in Dodging
  3377 | D:5      | Entered Level 5 of the Dungeon
  3388 | D:5      | Reached XP level 7. HP: 51/55 MP: 7/7
  3459 | D:5      | Found a hide-covered altar of Uskayaw.
  3527 | D:5      | Found a snail-covered altar of Cheibriados.
  3798 | D:5      | Found a broken altar of Ashenzari.
  3873 | D:5      | Identified the ring "Caunkecw" {EV+5 Stlth+}
  3939 | D:5      | Reached skill level 5 in Fighting
  4371 | D:5      | Found a runed translucent door.
  4372 | D:5      | Noticed Crazy Yiuf
  4590 | D:5      | Killed Crazy Yiuf
  4591 | D:5      | Reached skill level 7 in Dodging
  4591 | D:5      | Reached XP level 8. HP: 62/62 MP: 8/8
  4692 | D:6      | Noticed Sigmund
  4702 | D:6      | Killed Sigmund
  4703 | D:6      | Reached skill level 1 in Shields
  4918 | D:6      | Reached skill level 8 in Dodging
  4921 | D:6      | Noticed Pikel
  4942 | D:6      | Killed Pikel
  4943 | D:6      | Reached XP level 9. HP: 68/73 MP: 9/9
  4951 | D:6      | Reached skill level 9 in Dodging
  5013 | D:6      | Reached *** piety under Trog
  5343 | D:6      | Found a basalt altar of Yredelemnul.
  5714 | D:7      | Found a glowing silver altar of Zin.
  5714 | D:7      | Noticed an angel
  5796 | D:7      | Reached skill level 10 in Dodging
  6070 | D:7      | Noticed a two-headed ogre
  6206 | D:7      | Found a hazy altar of Hepliaklqana.
  6210 | D:7      | Found a stormy altar of Qazlal.
  6211 | D:7      | Found an iron altar of Okawaru.
  6215 | D:7      | Found a glowing golden altar of the Shining One.
  6302 | D:7      | Reached skill level 10 in Long Blades
  6303 | D:7      | Reached skill level 1 in Evocations
  6373 | D:6      | Found an ornate altar of the Wu Jian Council.
  6390 | D:7      | Found a shimmering altar of Xom.
  6644 | D:8      | Reached XP level 10. HP: 80/80 MP: 10/10
  7400 | D:8      | Found a staircase to the Lair.
  7838 | D:8      | Reached skill level 11 in Dodging
  8319 | D:9      | Noticed Erolcha
  8334 | D:9      | Killed Erolcha
  8352 | D:9      | Reached **** piety under Trog
  8534 | D:9      | Reached skill level 12 in Dodging
  8686 | D:9      | Reached XP level 11. HP: 78/86 MP: 11/11
  9293 | D:10     | Entered Level 10 of the Dungeon
  9440 | D:10     | Reached skill level 1 in Armour
 10016 | D:10     | Found a runed translucent door.
 10016 | D:10     | Noticed kae's ghost (novice DrSh)
 10143 | D:10     | Reached ***** piety under Trog
 10194 | D:10     | Found a staircase to the Orcish Mines.
 10505 | D:10     | Killed kae's ghost
 10587 | Lair:1   | Entered Level 1 of the Lair of Beasts
 10830 | Lair:1   | Reached skill level 13 in Dodging
 11378 | Lair:1   | Reached XP level 12. HP: 77/97 MP: 12/12
 11707 | Lair:2   | Noticed a five-headed hydra
 11760 | Lair:1   | Reached skill level 10 in Fighting
 12157 | Lair:2   | Noticed Harold
 12330 | Lair:1   | Reached skill level 14 in Dodging
 12718 | Lair:1   | Killed a six-headed hydra
 12947 | Lair:2   | Noticed a death yak
 13139 | Lair:1   | Killed a death yak
 13245 | Lair:1   | Killed Harold
 13246 | Lair:1   | Reached skill level 15 in Dodging
 13403 | Lair:2   | Found a runed translucent door.
 13404 | Lair:2   | Found a shimmering altar of Xom.
 13405 | Lair:2   | Noticed Curunk's ghost (journeyman HOBe)
 13921 | Lair:2   | Identified the +8 morningstar of Optonles {antimagic, rElec
                  | rF+ Will+ Dex+3}
 14118 | Lair:2   | Noticed a ghost crab
 14311 | Lair:2   | Reached XP level 13. HP: 92/108 MP: 13/13
 14347 | Lair:2   | Reached skill level 16 in Dodging
 14646 | Lair:3   | Found a dark tunnel.
 14712 | Volcano  | Entered a volcano
 15720 | Lair:3   | Found a blossoming altar of Fedhas.
 15766 | Lair:3   | Found a hole to the Spider Nest.
 16090 | Lair:3   | Identified the +2 robe "Keetib" {rElec rF+ Int-4 Dex+4}
 17639 | Lair:5   | Entered Level 5 of the Lair of Beasts
 17711 | Lair:5   | Found a viscous altar of Jiyva.
 17711 | Lair:5   | Found a staircase to the Slime Pits.
 17737 | Lair:4   | Reached skill level 5 in Evocations
 17739 | Lair:4   | Reached skill level 5 in Shields
 18331 | Lair:5   | Noticed Kirke
 18368 | Lair:5   | Killed Kirke
 18429 | Lair:5   | Reached skill level 5 in Armour
 18429 | Lair:5   | Reached XP level 14. HP: 107/121 MP: 14/14
 19078 | Lair:4   | Identified the +6 great sword of Wariness {flame, rF+
                  | Will+} (Trog gifted it to you on level 4 of the Lair of
                  | Beasts)
 19078 | Lair:4   | Received a gift from Trog
 19263 | Lair:5   | Reached skill level 17 in Dodging
 20480 | D:11     | Found Baiguuf's Distillery.
 20483 | D:11     | Bought a potion of might for 52 gold pieces
 20483 | D:11     | Bought a potion of resistance for 130 gold pieces
 20669 | D:11     | Reached skill level 15 in Fighting
 21236 | D:12     | Found an iron altar of Okawaru.
 22415 | D:12     | Reached skill level 15 in Long Blades
 23179 | D:13     | Found a transporter.
 23185 | D:13     | Reached XP level 15. HP: 124/129 MP: 15/15
 23200 | D:13     | Noticed a vault warden
 23202 | D:13     | Found an ornate altar of the Wu Jian Council.
 23255 | D:13     | Found a transporter.
 23262 | D:13     | Found a transporter.
 23266 | D:13     | Found an ornate altar of the Wu Jian Council.
 23267 | D:13     | Found a transporter.
 23674 | D:13     | Received a gift from Trog
 24459 | D:13     | Killed a vault warden
 24855 | D:14     | Reached skill level 18 in Dodging
 25202 | D:14     | Found a gate to the Vaults.
 25772 | D:14     | Reached skill level 1 in Stealth
 26221 | D:14     | Found a basalt altar of Yredelemnul.
 27164 | D:14     | Found a gate to the Vaults.
 27431 | D:14     | Found a basalt altar of Yredelemnul.
 27646 | D:15     | Entered Level 15 of the Dungeon
 28114 | D:15     | Found a staircase to the Depths.
 29526 | Lair:2   | Reached skill level 19 in Dodging
 29529 | Lair:2   | Found a staircase to the Swamp.
 29553 | Swamp:1  | Entered Level 1 of the Swamp
 29695 | Lair:2   | Received a gift from Trog
 29696 | Lair:2   | Reached XP level 16. HP: 122/141 MP: 16/16
 30874 | Swamp:1  | Identified the +1 ring mail of the Merchant {Fly rF-
                  | Will+++ Dex+3}
 31269 | Swamp:2  | Noticed Mlioglotl
 31270 | Swamp:2  | Reached skill level 20 in Dodging
 31274 | Swamp:3  | Found the -2 hat of the Alchemist {rElec rPois rF+ rC+ rN+
                  | Will+ rMut rCorr}
 31540 | Swamp:3  | Killed Mlioglotl
 31654 | Swamp:3  | Noticed a fenstrider witch
 32120 | Swamp:2  | Identified the +9 hand axe "Dragon's Tongue" {vamp, rF-
                  | Int+5 Dex+5}
 32979 | Swamp:3  | Killed a fenstrider witch
 33347 | Swamp:4  | Entered Level 4 of the Swamp
 33347 | Swamp:4  | Noticed a fenstrider witch
 33652 | Swamp:4  | Reached skill level 21 in Dodging
 33891 | Swamp:4  | Paralysed by a fenstrider witch for 2 turns
 33896 | Swamp:4  | Killed a fenstrider witch
 34185 | Swamp:4  | Noticed a thorn hunter
 34545 | Swamp:4  | Identified the +9 sling "Goideh" {heavy, Dex+3}
 34625 | Swamp:4  | Killed a thorn hunter
 34799 | Swamp:4  | Reached XP level 17. HP: 151/151 MP: 17/17
 34818 | Swamp:4  | Received a gift from Trog
 34859 | Swamp:4  | Noticed the 27-headed Lernaean hydra
 35006 | Spider:1 | Entered Level 1 of the Spider Nest
 35496 | Spider:1 | Found a large runed translucent door.
 35497 | Spider:1 | Found a large runed translucent door.
 35500 | Spider:1 | Noticed initializr's ghost (adept DrWr)
 36093 | Spider:1 | Killed initializr's ghost
 36313 | Lair:2   | Killed Curunk's ghost
 36314 | Lair:2   | Reached skill level 22 in Dodging
 37303 | Spider:2 | Noticed Arachne
 37350 | Spider:2 | Killed Arachne
 37940 | Spider:4 | Entered Level 4 of the Spider Nest
 38390 | Spider:3 | Reached skill level 10 in Evocations
 41990 | Spider:3 | Reached XP level 18. HP: 134/160 MP: 18/18
 42571 | Spider:4 | Received a gift from Trog
 42952 | Spider:4 | Noticed Nikola
 42976 | Spider:4 | Killed Nikola
 43511 | Spider:4 | Got a gossamer rune of Zot
 44220 | Orc:1    | Entered Level 1 of the Orcish Mines
 44268 | Orc:1    | Paralysed by an orc sorcerer for 5 turns
 44273 | Orc:1    | Slain by an ice devil

Illustrated notes

Levels and vault maps discovered:
D:1:      sevenhm_arrival_forest_fort_small_3, layout_loops_cross
D:2:      layout_rooms, ebering_ecumenical_altar_hall, serial_shops,
          nicolae_lakefront_shop
D:3:      layout_basic, bloody_makhleb, minmay_misc_feat_room,
          minmay_strange_pillars, dreamdust_mushroom_princess, uniq_natasha,
          uniq_ijyb
D:4:      layout_gridville, elyvilon_altar_1, vehumet_altar_wand_db,
          minmay_temple_entry_stoned_glass
D:5:      layout_loops_ring, ashenzari_altar_1,
          mainiacjoe_overflow_tiny_flanked,
          nicolae_uskayaw_murder_on_the_dancefloor, minivault_23,
          corner_web_ring, nicolae_sextant, uniq_crazy_yiuf_cottage
D:6:      layout_loops_ring, mainiacjoe_overflow_brackets,
          nicolae_overflow_hidden_temple, uniq_sigmund, uniq_pikel
D:7:      layout_cave_pools, grunt_temple_overflow_order_and_chaos_1, minitemple
D:8:      layout_basic, david_lair_shrubbed, water_maze_lemuel
D:9:      layout_rooms, lightli_fourway_metalbox, uniq_erolcha
D:10:     layout_irregular_city, hiddenorc1_lemuel, gammafunk_ghost_grave
D:11:     layout_basic, serial_shops, shop
D:12:     four-leaf_vault, layout_loops_cross, okawaru_humans
D:13:     dreamdust_wu_jian_sword_trials, layout_stronghold, serial_demonic,
          serial_demonic_e, serial_demonic_d, serial_demonic_c, serial_demonic_c
D:14:     minmay_two_paths, layout_basic, david_vaults_2,
          yredelemnul_altar_generic
D:15:     hangedman_depths_entry_civil_slaughter, layout_loops_cross,
          minmay_three_doors
Lair:1:   layout_loops_ring, lemuel_fruit_fields
Lair:2:   layout_hall_layers, nicolae_swamp_entry_spooky, ebering_ghost_xom,
          nzn_random_ring, uniq_harold
Lair:3:   layout_roguey [special_room_bee], hellmonk_spider_entry_not_the_bees,
          nicolae_volcano_entry_vermiform, basic_altar
Lair:4:   layout_gridlike, grunt_megastairs_3
Lair:5:   minmay_lair_end_frog_pond, layout_long_grid,
          nicolae_slime_entry_slimehenge, lemuel_fruit_tree, uniq_kirke
Swamp:1:  layout_falls_marsh, evilmike_swamp_ruin_rubble_1, swamp_pool1
Swamp:2:  layout_basic_swamp, evilmike_swamp_ruin_house_2, uniq_mlioglotl
Swamp:3:  layout_basic_swamp, nicolae_swamp_round_clearing, swamp_pool1
Swamp:4:  swamp_old_school, layout_basic_swamp, swamp_pool3, beargit_kiku_chapel
Spider:1: layout_spider_delve, ebering_ghost_disaster_area
Spider:2: layout_spider_delve, uniq_arachne
Spider:3: layout_chambers
Spider:4: johnstein_spider_rune_arachne_lair, nicolae_spider_claw_tunnel,
          uniq_nikola
Orc:1:    layout_diamond_mine, basic_altar, serial_shops, nicolae_square_shop

Skill      XL: |  1  2  3  4  5  6  7  8  9 10 11 12 13 14 15 16 17 18 |
---------------+-------------------------------------------------------+-----
Long Blades    | 4 5 6 8 10 13 14 15 16 | 16.0
Fighting       | 3 4 5 7 8 9 12 14 15 17 18 19 | 19.9
Dodging        | 5 6 7 8 10 12 13 15 16 17 19 21 22 | 22.6
Shields        | 3 4 5 6 |  6.0
Evocations     | 2 4 5 7 8 12 | 12.0
Armour         | 3 4 5 6 7 |  7.0
Stealth        | 4 |  4.0
Throwing       | |  2.0

Action                     |  1- 3 |  4- 6 |  7- 9 | 10-12 | 13-15 | 16-18 || total
---------------------------+-------+-------+-------+-------+-------+-------++-------
  Melee: Long sword        |   110 |    71 |   135 |   263 |       |       ||   579
         Dagger            |       |   124 |   197 |    45 |       |       ||   366
         Punch             |       |     1 |     1 |       |       |       ||     2
         Short sword       |       |       |       |   469 |   465 |       ||   934
         Scimitar          |       |       |       |   317 |   315 |    82 ||   714
         Tailslap          |       |       |       |       |    13 |    63 ||    76
         Great sword       |       |       |       |       |   522 |       ||   522
         Double sword      |       |       |       |       |   194 |  1199 ||  1393
  Throw: Boomerang         |       |       |       |    19 |    11 |    80 ||   110
         Throwing net      |       |       |       |     3 |       |       ||     3
         Javelin           |       |       |       |     1 |     2 |       ||     3
 Invoke: Berserk           |       |     2 |     4 |     7 |     5 |     4 ||    22
         Trog's Hand       |       |       |     2 |     4 |     3 |     5 ||    14
         Brothers in Arms  |       |       |       |     1 |       |     1 ||     2
  Evoke: Wand              |       |       |     5 |    12 |    10 |     6 ||    33
         Phial of floods   |       |       |       |       |     1 |     1 ||     2
    Use: Scroll            |       |     4 |     6 |    10 |    17 |    10 ||    47
         Potion            |       |       |       |     4 |     5 |     5 ||    14
   Stab: Sleeping          |       |       |     1 |     3 |     8 |     4 ||    16
         Distracted        |       |       |       |     4 |     2 |     3 ||     9
         Invisible         |       |       |       |       |     1 |       ||     1
         Petrified         |       |       |       |       |     3 |       ||     3
         Confused          |       |       |       |       |       |     1 ||     1
 Armour: Leather armour    |    34 |       |       |    33 |       |       ||    67
         Ring mail         |     7 |    72 |    56 |    61 |       |       ||   196
         Scale mail        |       |       |       |    10 |   183 |   215 ||   408
         Acid dragon scale |       |       |       |       |    50 |       ||    50
  Dodge: Dodged            |    91 |   131 |   237 |   722 |  1382 |  1380 ||  3943
  Block: Buckler           |       |       |    52 |   216 |   275 |   606 ||  1149

Table legend: (Time is in decaauts)
 A = Elapsed time spent in this place.
 B = Non-inter-level travel time spent in this place.
 C = Inter-level travel time spent in this place.
 D = Time resting spent in this place.
 E = Time spent auto-exploring this place.
 F = Levels seen in this place.
 G = Mean time per level.
                   A        B        C        D        E       F      G
               +--------+--------+--------+--------+--------+-----+--------+
         Total |  42827 |  39951 |   2876 |   8533 |  22344 |  30 | 1427.6 |
       Dungeon |  19860 |  18502 |   1358 |   2523 |  12182 |  15 | 1324.0 |
          Lair |  10065 |   9109 |    956 |   2038 |   4480 |   5 | 2013.0 |
         Swamp |   4323 |   4131 |    192 |   1544 |   1730 |   4 | 1080.8 |
   Spider Nest |   8494 |   8126 |    368 |   2428 |   3951 |   4 | 2123.5 |
  Orcish Mines |     44 |     44 |      0 |      0 |      0 |   1 |   44.0 |
       Volcano |     38 |     38 |      0 |      0 |      0 |   1 |   38.0 |
               +--------+--------+--------+--------+--------+-----+--------+

Top non-repeatable levels by time:
    D:14: 3370 daAuts
Spider:4: 3318 daAuts
Spider:3: 2628 daAuts
  Lair:5: 2269 daAuts
  Lair:2: 2239 daAuts
  Lair:1: 2211 daAuts
  Lair:3: 1911 daAuts
     D:8: 1838 daAuts
    D:13: 1833 daAuts
    D:12: 1809 daAuts
  Lair:4: 1434 daAuts
    D:10: 1364 daAuts
     D:5: 1297 daAuts
Spider:2: 1288 daAuts
 Swamp:3: 1280 daAuts
